 Dungeon Crawl Stone Soup version 0.30-a0-726-gd89dcf765f (webtiles) character file.

Game seed: 14975292794138853990

2587 Legacy the Fighter (level 9, -1/144 HPs)
             Began as a Troll Berserker on Jan 29, 2023.
             Was an Elder of Trog.
             Slain by a killer bee (4 damage)
             ... on level 7 of the Dungeon.
             The game lasted 00:15:30 (6259 turns).

Legacy the Fighter (Troll Berserker)                Turns: 6259, Time: 00:15:30

Health: -1/144     AC:  7    Str: 29    XL:     9   Next: 32%
Magic:  8/8        EV: 11    Int:  3    God:    Trog [****..]
Gold:   441        SH:  0    Dex: 11    Spells: 8/8 levels left

rFire   . . .      SeeInvis .    q - +3 quarterstaff (chaos)
rCold   . . .      Faith    .    (shield currently unavailable)
rNeg    . . .      Spirit   .    b - +0 animal skin
rPois   +          Reflect  .    (helmet restricted)
rElec   .          Harm     .    f - +2 cloak
rCorr   .          Rampage  .    (gloves unavailable)
Will    +....                    (boots unavailable) Stlth
                                 (no amulet)
HPRegen 1.24/turn                z - ring of willpower
MPRegen 0.11/turn                n - ring of poison resistance

@: berserking (expiring), very quick
A: large, unfitting armour, claws 3, regeneration 1, shaggy fur 1, tough skin 1
a: Renounce Religion, Berserk, Trog's Hand, Brothers in Arms


You were on level 7 of the Dungeon.
You worshipped Trog.
Trog was greatly pleased with you.
You visited 1 branch of the dungeon, and saw 7 of its levels.

You collected 441 gold pieces.

Inventory:

Hand Weapons
 a - a +0 mace
 q - a +3 quarterstaff of chaos (weapon)
Missiles
 c - 5 atropa-tipped darts (quivered)
 o - a throwing net
Armour
 b - a +0 animal skin (worn)
 f - a +2 cloak (worn)
 i - an orb of mayhem
Jewellery
 d - a ring of protection from cold
 n - a ring of poison resistance (right claw)
 x - a ring of positive energy
 z - a ring of willpower (left claw)
Scrolls
 h - 4 scrolls of magic mapping
 j - a scroll of vulnerability
 l - 2 scrolls of summoning
 r - a scroll of immolation
 v - a scroll of teleportation
 y - a scroll of poison {unknown}
 A - a scroll of enchant weapon {unknown}
Potions
 e - a potion of resistance {unknown}
 g - a potion of invisibility {unknown}
 k - a potion of curing {unknown}
 m - 3 potions of brilliance {unknown}
 p - 3 potions of degeneration {unknown}
 s - a potion of flight {unknown}
 t - 2 potions of might {unknown}
 u - a potion of ambrosia {unknown}
 w - a potion of haste {unknown}
 B - a potion of berserk rage {unknown}
 C - a potion of attraction {unknown}


   Skills:
 * Level 8.1 Fighting
 + Level 3.2 Maces & Flails
 * Level 3.8 Armour
 + Level 6.4 Dodging


You had 8 spell levels left.
You didn't know any spells.
Your spell library was empty.

Dungeon Overview and Level Annotations

Branches:
Dungeon (7/15)             Temple (0/1) D:6

Altars:
Dithmenos
Nemelex Xobeh
Sif Muna
Xom

Shops:
D:5 !


Innate Abilities, Weirdness & Mutations

You are too large for most types of armour.
You have claws for hands.
Your natural rate of healing is unusually fast.
You are covered in fur. (AC +1)
You have tough skin. (AC +1)


Message History

You closely miss the killer bee.
The killer bee is lightly wounded.
The killer bee barely misses you. The killer bee stings you.
* * * LOW HITPOINT WARNING * * *
You miss the killer bee.
The killer bee is lightly wounded.
You feel sick. The killer bee stings you.
* * * LOW HITPOINT WARNING * * *
The killer bee stings you.
* * * LOW HITPOINT WARNING * * *
You closely miss the killer bee.
The killer bee is lightly wounded.
You feel sick. The killer bee closely misses you.
Unknown command.
Unknown command.
You barely miss the killer bee.
The killer bee is lightly wounded.
You feel sick. The killer bee misses you. The killer bee barely misses you.
Unknown command.
Unknown command.
You barely miss the killer bee.
The killer bee is lightly wounded.
You feel sick.
You are no longer poisoned.
The killer bee stings you.
* * * LOW HITPOINT WARNING * * *
The killer bee stings you.
* * * LOW HITPOINT WARNING * * *
Unknown command.
Unknown command.
You barely miss the killer bee.
The killer bee is lightly wounded.
The killer bee stings you.
* * * LOW HITPOINT WARNING * * *
Unknown command.
Unknown command.
You barely miss the killer bee.
The killer bee is lightly wounded.
The killer bee stings you.
You die...

###.......#
#>........+
##.........#
.....#######
.....'..#######
.....##.......#
.....##.......#
.....##.......####
.....##[......'y@#
.....##.......##†#
.....##.......##..#
.....##.......###...
.....##.......# #...
.....++........ #.##
.....##........ .#
#..........###. #
#..........#


You could see a killer bee.

Vanquished Creatures
  Pikel (D:4)
  A cane toad (D:4)
  2 water moccasins
  Duvessa (D:5)
  A sky beast (D:6)
  A black bear (D:6)
  A kobold brigand (D:5)
  A necrophage (D:5)
  2 scorpions
  Dowan (D:5)
  3 killer bees (D:7)
  Crazy Yiuf (D:3)
  6 hounds
  Natasha (thrice) (D:2)
  2 orc wizards
  8 iguanas
  19 gnolls
  9 adders
  A white imp (D:6)
  4 worms (D:4)
  A dart slug (D:5)
  8 orcs
  4 bats
  7 endoplasms
  4 giant cockroaches
  9 goblins
  4 hobgoblins
  15 kobolds
  A quokka (D:4)
  8 ball pythons
  3 frilled lizards (D:1)
  3 rats
135 creatures vanquished.

Vanquished Creatures (collateral kills)
  A giant cockroach (D:2)
1 creature vanquished.

Vanquished Creatures (others)
  A goblin (D:2)
1 creature vanquished.

Grand Total: 137 creatures vanquished

Notes
Turn   | Place    | Note
-------+----------+-------------------------------------------
     0 | D:1      | Legacy the Troll Berserker began the quest for the Orb.
     0 | D:1      | Reached XP level 1. HP: 22/22 MP: 0/0
   121 | D:1      | Reached skill level 3 in Fighting
   121 | D:1      | Reached XP level 2. HP: 31/31 MP: 1/1
   772 | D:2      | Noticed Natasha
   775 | D:2      | Noticed a crimson imp
   778 | D:2      | Killed Natasha
   779 | D:2      | Reached XP level 3. HP: 30/37 MP: 2/2
   788 | D:2      | Reached ** piety under Trog
   845 | D:2      | Reached XP level 4. HP: 48/48 MP: 3/3
   947 | D:2      | Noticed Natasha
   980 | D:2      | Killed Natasha
   988 | D:2      | Reached skill level 1 in Armour
  1295 | D:2      | Noticed Natasha
  1307 | D:2      | Killed Natasha
  1308 | D:2      | Reached skill level 4 in Fighting
  1308 | D:2      | Reached XP level 5. HP: 26/54 MP: 4/4
  1423 | D:2      | Found a shadowy altar of Dithmenos.
  2243 | D:3      | Found a faded altar of an unknown god.
  2365 | D:3      | Found a runed translucent door.
  2366 | D:3      | Noticed Crazy Yiuf
  2374 | D:3      | Killed Crazy Yiuf
  3089 | D:4      | Noticed a lemure
  3089 | D:4      | Noticed Pikel
  3090 | D:4      | Noticed a lemure
  3100 | D:4      | Killed Pikel
  3101 | D:4      | Reached skill level 5 in Fighting
  3101 | D:4      | Reached XP level 6. HP: 42/66 MP: 5/5
  3101 | D:4      | Reached XP level 7. HP: 46/72 MP: 6/6
  3497 | D:4      | a worm changed into a cane toad
  3497 | D:4      | Noticed a cane toad
  3502 | D:4      | Killed a cane toad
  3503 | D:4      | Reached skill level 6 in Fighting
  3503 | D:4      | Reached skill level 5 in Dodging
  3503 | D:4      | Reached XP level 8. HP: 41/83 MP: 7/7
  3779 | D:4      | Found a shimmering altar of Xom.
  4116 | D:5      | Entered Level 5 of the Dungeon
  4128 | D:5      | Reached *** piety under Trog
  4670 | D:5      | Reached skill level 7 in Fighting
  4675 | D:5      | Found Dodugg's Distillery.
  4894 | D:5      | Noticed Dowan
  4896 | D:5      | Noticed Duvessa
  4906 | D:5      | Found a sparkling altar of Nemelex Xobeh.
  4924 | D:5      | Killed Duvessa
  4938 | D:5      | Killed Dowan
  5420 | D:6      | Found a shimmering blue altar of Sif Muna.
  5420 | D:6      | Found a shadowy altar of Dithmenos.
  5445 | D:6      | Found a staircase to the Ecumenical Temple.
  5599 | D:6      | Reached XP level 9. HP: 88/93 MP: 8/8
  6173 | D:7      | Reached **** piety under Trog
  6181 | D:7      | Reached skill level 8 in Fighting
  6257 | D:7      | HP: 5/144 [killer bee (3)]
  6258 | D:7      | HP: 2/144 [killer bee (2)]
  6259 | D:7      | Slain by a killer bee

Illustrated notes

Levels and vault maps discovered:
D:1:      wander_arrival_peaceful_grave, layout_basic, grunt_decor_cap
D:2:      layout_basic, serial_curves, eino_curves_04, eino_curves_01,
          basic_altar, mrwooster_statue_mirror, minmay_puff, uniq_natasha
D:3:      layout_rooms, ebering_ecumenical_altar_sacrificial,
          uniq_crazy_yiuf_cottage
D:4:      layout_basic, mainiacjoe_overflow_alcove_1, nicolae_wormholes,
          uniq_pikel
D:5:      layout_gridville, amcnicky_altar_gilded, serial_glass,
          glass_columns_b, glass_columns_b, serial_shops,
          nicolae_inconvenience_store, minmay_splitting_lines,
          hangedman_decor_growths, serial_bayou_pond_d, grunt_decor_one_mirror,
          st_stairs_10, uniq_duvessa
D:6:      layout_loops_ring, chequers_temple_overflow_statue_of_worship,
          minmay_temple_entry_glassed_door
D:7:      layout_basic

Skill      XL: |  1  2  3  4  5  6  7  8  9 |
---------------+----------------------------+-----
Fighting       | 3 4 5 6 7 8 |  8.1
Maces & Flails | 3 |  3.2
Armour         | 1 2 3 |  3.8
Dodging        | 4 5 6 |  6.4

Action                     |  1- 3 |  4- 6 |  7- 9 || total
---------------------------+-------+-------+-------++-------
  Melee: Unarmed           |    78 |   136 |       ||   214
         Mace              |     6 |       |       ||     6
         Quarterstaff      |       |     8 |   243 ||   251
 Invoke: Berserk           |       |       |     3 ||     3
    Use: Scroll            |       |     4 |     2 ||     6
 Armour: Animal skin       |    67 |    84 |   137 ||   288
  Dodge: Dodged            |    59 |   110 |   203 ||   372

Table legend: (Time is in decaauts)
 A = Elapsed time spent in this place.
 B = Non-inter-level travel time spent in this place.
 C = Inter-level travel time spent in this place.
 D = Time resting spent in this place.
 E = Time spent auto-exploring this place.
 F = Levels seen in this place.
 G = Mean time per level.
                   A        B        C        D        E       F      G
               +--------+--------+--------+--------+--------+-----+--------+
         Total |   6350 |   5125 |   1225 |    198 |      0 |   7 |  907.1 |
       Dungeon |   6350 |   5125 |   1225 |    198 |      0 |   7 |  907.1 |
               +--------+--------+--------+--------+--------+-----+--------+

Top non-repeatable levels by time:
     D:2: 1426 daAuts
     D:4: 1338 daAuts
     D:5: 1138 daAuts
     D:3: 815 daAuts
     D:1: 767 daAuts
     D:6: 676 daAuts
     D:7: 187 daAuts
